Map: Triton EC

Players

Abyliss - Winner!

  • Race: Protoss Protoss
  • League: Master
  • Spawn Location: 11:00

DeonTologiC

  • Race: Zerg Zerg
  • League: Gold
  • Spawn Location: 5:00

VOD

Have the link to the VOD?

Description

Fast SpeedsLots after CR and before Third...

Time

  • Played on: March 7, 2020, 3:54 p.m.
  • Length: 7:42
Show
View Real Time Build Order
Export as new Build Order

Abyliss Protoss - Winner!

Build Orders: 1 Gate Expand 

Get SALT Encoding   

  12  0:00  Probe (Chrono Boost)  
  13  0:10  Probe (Chrono Boost)  
  14  0:15  Probe (Chrono Boost)  
  15  0:22  Pylon  
  15  0:40  Gateway, Probe  
  16  0:52  Probe  
  17  1:04  Probe  
  18  1:14  Nexus  
  18  1:24  Forge  
  18  1:30  Zealot (Chrono Boost)  
  20  1:49  Pylon  
  20  1:54  Zealot (Chrono Boost)  
  22  2:07  Photon Cannon  
  22  2:11  Photon Cannon  
  22  2:17  Cybernetics Core  
  22  2:26  Photon Cannon  
  22  2:30  Probe (Chrono Boost)  
  23  2:40  Probe (Chrono Boost)  
  24  2:51  Probe  
  24  2:54  Assimilator  
  25  2:58  Assimilator  
  25  3:01  Pylon  
  25  3:04  Probe  
  22  3:14  Photon Cannon  
  22  3:17  Shield Battery  
  22  3:19  Probe (Chrono Boost), Zealot (Chrono Boost)  
  25  3:21  Probe (Chrono Boost)  
  26  3:30  Pylon, Probe (Chrono Boost)  
  26  3:31  Probe (Chrono Boost)  
  28  3:41  Zealot (Chrono Boost)  
  28  3:47  Probe (Chrono Boost)  
  32  3:51  Probe (Chrono Boost)  
  32  3:57  Probe (Chrono Boost)  
  32  3:58  Assimilator  
  32  4:00  Probe (Chrono Boost)  
  32  4:01  Pylon  
  32  4:02  Probe (Chrono Boost)  
  34  4:07  Stargate  
  35  4:14  Probe (Chrono Boost)  
  35  4:16  Probe (Chrono Boost), Warp Gate  
  38  4:25  Probe (Chrono Boost)  
  38  4:28  Pylon  
  38  4:29  Probe (Chrono Boost)  
  38  4:30  Probe (Chrono Boost)  
  39  4:31  Protoss Ground Weapons Level 1 (Chrono Boost)  
  40  4:40  Probe  
  41  4:52  Probe  
  42  4:55  Twilight Council  
  42  5:01  Gateway  
  42  5:05  Pylon, Gateway  
  42  5:11  Pylon  
  42  5:12  Void Ray (Chrono Boost)  
  42  5:13  Gateway x2  
  46  5:16  Probe  
  47  5:24  Robotics Facility  
  47  5:29  Probe  
  47  5:35  Charge (Chrono Boost)  
  48  5:37  Assimilator  
  48  5:40  Pylon  
  48  5:41  Probe  
  49  6:00  Gateway  
  49  6:04  Zealot  
  49  6:05  Zealot x2  
  55  6:13  Zealot x2  
  59  6:22  Warp Prism  
  61  6:33  Nexus  
  61  6:35  Pylon  
  61  6:36  Zealot x4  
  61  6:38  Zealot  
  71  7:04  Zealot x2  
  71  7:05  Zealot x4  
  75  7:34  Zealot x2  
  75  7:35  Zealot x4  
Show
View Real Time Build Order
Export as new Build Order

DeonTologiC Zerg 

Build Orders: Hatch First 

Get SALT Encoding   

  12  0:01  Drone  
  13  0:12  Overlord  
  13  0:17  Drone  
  14  0:30  Drone  
  14  0:31  Drone  
  16  0:48  Hatchery  
  15  0:51  Drone  
  15  0:54  Drone  
  17  0:57  Drone  
  18  1:08  Extractor  
  17  1:13  Spawning Pool  
  17  1:15  Drone  
  17  1:20  Drone  
  18  1:28  Drone  
  19  1:39  Drone  
  20  1:49  Drone  
  21  1:59  Queen  
  21  2:00  Queen  
  21  2:01  Zergling x2  
  26  2:04  Zergling x2  
  26  2:07  Spine Crawler  
  26  2:08  Spine Crawler  
  26  2:14  Zergling x4  
  27  2:22  Spine Crawler  
  26  2:24  Zergling x2  
  26  2:29  Overlord  
  26  2:45  Zergling x2  
  27  2:57  Zergling x10  
  28  3:07  Queen  
  28  3:08  Zergling x2  
  28  3:09  Zergling x6  
  29  3:13  Drone x2  
  29  3:14  Drone  
  32  3:20  Drone  
  33  3:28  Queen  
  35  3:43  Hatchery  
  35  3:46  Drone  
  35  3:49  Overlord  
  35  3:54  Overlord  
  35  3:59  Metabolic Boost  
  35  4:08  Drone x3  
  35  4:09  Drone  
  39  4:13  Drone x2  
  41  4:18  Drone x2  
  41  4:20  Drone  
  44  4:25  Drone x2  
  44  4:29  Overlord  
  46  4:35  Queen  
  48  4:40  Drone  
  48  4:43  Drone x2  
  51  4:49  Evolution Chamber  
  51  4:52  Drone  
  51  4:53  Drone x2  
  51  4:54  Queen  
  55  5:01  Spore Crawler  
  55  5:02  Drone  
  55  5:03  Spore Crawler  
  55  5:04  Drone  
  55  5:10  Zergling x6  
  55  5:11  Zergling x2  
  59  5:18  Spore Crawler  
  59  5:21  Overlord  
  58  5:29  Zerg Melee Weapons Level 1  
  58  5:35  Drone  
  59  5:36  Baneling Nest, Drone x5  
  59  5:41  Extractor  
  62  5:48  Drone  
  62  5:49  Overlord x2  
  63  5:51  Roach Warren, Drone x2  
  63  5:52  Drone  
  65  6:00  Overlord x2  
  65  6:07  Lair  
  65  6:12  Extractor  
  65  6:14  Drone x4  
  65  6:15  Extractor, Drone x2  
  65  6:16  Extractor, Drone  
  65  6:17  Drone  
  70  6:19  Drone  
  70  6:21  Drone  
  72  6:41  Overlord, Drone  
  72  6:42  Overlord  
  72  6:43  Zergling x16  
  81  6:52  Overlord x2  
  68  7:11  Hydralisk Den  
  61  7:19  Zergling x6  
  61  7:20  Zergling x20  
Tags
 
Add a new tag
Caveats
  • Supply blocks, unpowered buildings, or Contaminate may cause inaccurate times.
  • Supply counts are checked every 10 seconds.